 Dungeon Crawl Stone Soup version 0.27-a0-148-g9515ab555c (webtiles) character file.

Game seed: 16721629399536239934

45214 knot the Severer (level 14, 93/93 HPs)
             Began as a Demonspawn Berserker on Jan 26, 2021.
             Was an Elder of Trog.
             Quit the game on level 5 of the Lair of Beasts.
             The game lasted 01:18:04 (23581 turns).

knot the Severer (Demonspawn Berserker)            Turns: 23581, Time: 01:18:05

Health: 93/93      AC: 18    Str: 22    XL:     14   Next: 0%
Magic:  14/14      EV: 20    Int: 16    God:    Trog [****..]
Gold:   1002       SH:  0    Dex: 13    Spells: 13/13 levels left

rFire    + + .     SeeInvis +   w - +5 battleaxe (spect)
rCold    . . .     Faith    .   (shield currently unavailable)
rNeg     . . .     Spirit   .   B - +4 ring mail of Day {rPois Str+4}
rPois    +         Reflect  .   (helmet unavailable)
rElec    +         Harm     .   y - +2 cloak {Will+}
rCorr    .         Rampage  .   i - +2 pair of gloves
Will     +....                  x - +2 pair of boots "Nuthafot" {+Fly rElec rF++ Will-}
Stlth    ++........             f - amulet of regeneration
HPRegen  0.65/turn              n - +4 ring of evasion
MPRegen  0.14/turn              A - ring "Jiewila" {rElec rPois EV+4 Int+3 Stlth+}

@: studying Stealth
A: antennae 3, powered by death 1, miasma immunity, sturdy frame 2
a: Renounce Religion, Evoke Flight, Berserk, Trog's Hand, Brothers in Arms


You were on level 5 of the Lair of Beasts.
You worshipped Trog.
Trog was greatly pleased with you.
You visited 3 branches of the dungeon, and saw 17 of its levels.
You also visited: Gauntlet and Volcano.

You collected 1122 gold pieces.
You spent 120 gold pieces at shops.

Inventory:

Hand Weapons
 a - a +2 glaive of flaming
 e - a +3 great mace of flaming
 w - a +5 spectral battleaxe (weapon)
Missiles
 d - 8 boomerangs
 k - 123 sling bullets
 o - 22 javelins
 D - 22 poisoned darts
 K - 3 curare-tipped darts (quivered)
Armour
 b - a +2 leather armour of cold resistance
 i - a +2 pair of gloves (worn)
 x - the +2 pair of boots "Nuthafot" (worn) {+Fly rElec rF++ Will-}
   (You found it in a Gauntlet)

   It greatly protects you from fire.
   It insulates you from electricity.
   It affects your willpower, your defense against some magical effects.
   It lets you fly.
 y - a +2 cloak of willpower (worn)
 B - the +4 ring mail of Day (worn) {rPois Str+4}
   (You found it on level 10 of the Dungeon)

   It affects your strength (+4).
   It protects you from poison.
Magical Staves
 p - a cursed staff of air {unknown}
Jewellery
 f - an amulet of regeneration (around neck)
 n - a +4 ring of evasion (left hand)
 A - the ring "Jiewila" (right hand) {rElec rPois EV+4 Int+3 Stlth+}
   (You took it off a minotaur in a Gauntlet)

   [ring of evasion]

   It affects your evasion (+4).
   It affects your intelligence (+3).
   It insulates you from electricity.
   It protects you from poison.
   It makes you more stealthy.
 G - the ring "Suck" {rC+ Dex+2 Stlth+}
   (You found it on level 2 of the Lair of Beasts)

   [ring of protection from cold]

   It affects your dexterity (+2).
   It protects you from cold.
   It makes you more stealthy.
 J - the amulet of the Four Winds {rN+ Will+++ Clar}
   (You found it in a Gauntlet)

   [amulet of nothing]

   It protects you from negative energy.
   It affects your willpower, your defense against some magical effects.
   It protects you against confusion.
Wands
 h - a wand of random effects (54)
 m - a wand of polymorph (14)
 C - a wand of flame (17)
 E - a wand of enslavement (12)
 H - a wand of iceblast (6)
 M - a wand of paralysis (4)
Scrolls
 g - a scroll of enchant weapon
 l - a scroll of teleportation
 q - 2 scrolls of identify
 r - a scroll of enchant armour
 s - 2 scrolls of brand weapon
 t - 5 scrolls of remove curse
 F - 2 scrolls of magic mapping
Potions
 c - 3 potions of curing
 u - a potion of berserk rage
 v - 2 potions of flight
 z - 4 potions of mutation
Books
 j - a manual of Stealth
Miscellaneous
 I - a box of beasts (inert)


   Skills:
 - Level 3.0 Fighting
 * Level 17.2 Axes
 * Level 13.1 Throwing
 - Level 1.7 Armour
 - Level 1.7 Dodging


You had 13 spell levels left.
You didn't know any spells.
Your spell library contained the following spells:

 Spells                   Type           Power        Failure   Level
 Animate Skeleton         Necr           0%           26%         1
 Apportation              Tloc           0%           26%         1
 Beastly Appendage        Tmut           0%           26%         1
 Corona                   Hex            0%           26%         1
 Magic Dart               Conj           0%           26%         1
 Sting                    Tmut/Pois      0%           26%         1
 Summon Small Mammal      Summ           0%           26%         1
 Blink                    Tloc           N/A          38%         2
 Call Imp                 Summ           0%           38%         2
 Corpse Rot               Necr/Air       N/A          38%         2
 Poisonous Vapours        Pois/Air       0%           38%         2
 Slow                     Hex            0%           38%         2
 Wereblood                Tmut           0%           38%         2
 Conjure Flame            Conj/Fire      0%           63%         3
 Mephitic Cloud           Conj/Pois/Air  0%           63%         3
 Spider Form              Tmut/Pois      0%           63%         3
 Static Discharge         Conj/Air       0%           63%         3
 Cause Fear               Hex            0%           95%         4
 Ice Form                 Ice/Tmut       0%           95%         4
 Blade Hands              Tmut           0%           100%        5
 Silence                  Hex/Air        0%           100%        5
 Yara's Violent Unravell  Hex/Tmut       0%           100%        5
 Freezing Cloud           Conj/Ice/Air   0%           100%        6
 Statue Form              Tmut/Erth      0%           100%        6
 Discord                  Hex            0%           100%        8


Dungeon Overview and Level Annotations

Branches:
Dungeon (11/15)            Temple (1/1) D:7            Lair (5/6) D:9
 Shoals (0/4) Lair:3        Snake (0/4) Lair:4        Slime (0/5) Lair:5
    Orc (0/2) D:10        Volcano (visited)         Gauntlet (visited)

Altars:
Ashenzari
Cheibriados
Dithmenos
Elyvilon
Fedhas
Gozag
Hepliaklqana
Kikubaaqudgha
Makhleb
Nemelex Xobeh
Okawaru
Qazlal
Ru
Sif Muna
Trog
Uskayaw
Vehumet
Wu Jian
Xom
Yredelemnul
Zin
The Shining One
Beogh

Shops:
D:11 ?


Innate Abilities, Weirdness & Mutations

You have a pair of large antennae on your head. (SInv)
You regenerate a little health from kills.
You are immune to miasma.
Your movements are less encumbered by armour. (ER -4)


Message History

Found a stone staircase leading down.
Unknown command.
A cane toad comes into view.
A cane toad is nearby!
The cane toad croaks.
You slash the cane toad!
You draw out your weapon's spirit!
The cane toad is moderately wounded.
The cane toad closely misses you.
You slice the cane toad!!
The cane toad is almost dead.
The cane toad barely misses you.
You barely miss the cane toad.
The cane toad is almost dead.
Your spectral weapon hits the cane toad!!
You kill the cane toad!
Trog accepts your kill.
You have reached level 14!
Your demonic ancestry asserts itself...
You feel immune to miasma.
Are you sure you want to abandon this character and quit the game? (Confirm with "yes".)

*****,,**,,*
*,*,,,,,,,*** ###
**,,,,,,,,,,***####
#.####
**,,,,,,*,,,,,,..P#
##.#..
*,*,,,..,###**,.PP###
##.>.
*,,,,...##..##,...#.#
#...
**,,,,........#,....##
#####...
*,,,,,........##F....#
#.##....
**,,,,.........@(>..##
#.......
*,*,,...............#
##......
**,,,..............##
##.....
****..............P#
##......
**#..P..........#
#.......
##P####.......#
###..... #** ##......#
###......
####.....####.#......
#.##...........##....


You could see a cane toad and a friendly +5 spectral battleaxe (summoned).

Vanquished Creatures
  The ghost of Juirae the Grappler, a journeyman TrMo of Wu Jian (Lair:4)
  A minotaur (Gauntlet)
  An ogre mage (Volcano)
  3 boulder beetles
  2 hydras
  A centaur warrior (D:11)
  6 two-headed ogres
  An unseen horror (D:10)
  The ghost of mojowtm the Slicer, a novice SpHu of Dithmenos (D:9)
  Pikel (D:5)
  2 cyclopes
  An ugly thing (D:11)
  4 elephants (Lair:5)
  2 black mambas
  Maurice (D:9)
  A centaur zombie (D:11)
  2 molten gargoyles (Volcano)
  9 cane toads
  A gargoyle (D:10)
  The ghost of knot the Cleaver, a novice DsBe of Trog (D:5)
  2 torpor snails
  9 komodo dragons
  A rime drake (Lair:1)
  A troll (D:8)
  2 polar bears
  Grinder (D:4)
  A tyrant leech (D:10)
  3 hornets
  3 blink frogs (Lair:4)
  6 dream sheep (Lair:4)
  Sigmund (D:3)
  33 yaks
  5 wyverns
  3 basilisks (Lair:3)
  10 fire bats
  Menkaure (D:5)
  4 swamp worms
  Edmund (D:3)
  17 water moccasins
  2 necrophages
  8 orc warriors
  3 sky beasts
  A phantom (D:8)
  An eye of draining (D:9)
  18 centaurs
  9 ogres
  3 wolves (Lair:4)
  4 lemures
  2 big kobolds
  Blork the orc (D:6)
  A gnoll sergeant (D:5)
  15 bullfrogs
  4 scorpions
  A water moccasin skeleton (D:10)
  3 killer bees (D:10)
  3 howler monkeys (D:8)
  9 wights
  6 electric eels
  6 lava snakes (Volcano)
  3 bullfrog zombies
  2 quasits
  5 hounds
  2 jellies
  2 gnoll shamans
  A bullfrog skeleton (D:4)
  Crazy Yiuf (D:6)
  3 centaur skeletons
  11 orc priests
  An iguana (D:10)
  13 orc wizards
  9 worker ants
  A hound zombie (D:5)
  A hound skeleton (D:8)
  2 worker ant zombies
  14 gnolls
  26 adders
  2 shadow imps
  A white imp (D:9)
  An ufetubus (D:6)
  2 oozes
  2 adder skeletons
  A worm (D:2)
  2 dart slugs
  4 leopard geckos
  46 orcs
  A ball python (D:3)
  4 giant cockroaches
  5 goblins
  7 hobgoblins
  3 jackals
  4 quokkas
  A ball python skeleton (D:4)
  9 bats
  3 frilled lizards
  A jackal zombie (D:8)
  10 kobolds
  A quokka skeleton (D:4)
  5 rats
458 creatures vanquished.

Vanquished Creatures (collateral kills)
  2 hydras (Lair:3)
  A hell knight (Volcano)
  A manticore (D:11)
  A polar bear (Lair:3)
  A wyvern (Lair:3)
  An orc warrior (D:10)
  A centaur (Lair:5)
8 creatures vanquished.

Vanquished Creatures (others)
  An ogre (D:6)
  A bullfrog zombie (D:6)
  An adder (D:6)
  2 orcs (D:6)
  14 fungi
  40 plants
59 creatures vanquished.

Grand Total: 525 creatures vanquished

Notes
Turn   | Place    | Note
-------+----------+-------------------------------------------
     0 | D:1      | knot the Demonspawn Berserker began the quest for the Orb.
     0 | D:1      | Reached XP level 1. HP: 18/18 MP: 1/1
   178 | D:1      | Reached skill level 3 in Axes
   544 | D:1      | Gained mutation: You have a pair of small antennae on your
                  | head. [demonic ancestry]
   544 | D:1      | Reached XP level 2. HP: 22/24 MP: 2/2
  1317 | D:2      | Found an ornate altar of the Wu Jian Council.
  1423 | D:2      | Gained mutation: You have a pair of antennae on your head.
                  | [demonic ancestry]
  1423 | D:2      | Reached XP level 3. HP: 23/29 MP: 3/3
  1651 | D:2      | Found a radiant altar of Vehumet.
  1707 | D:2      | Reached skill level 4 in Axes
  1707 | D:2      | Found a shadowy altar of Dithmenos.
  1947 | D:2      | Reached ** piety under Trog
  2637 | D:3      | Noticed Sigmund
  2670 | D:3      | Killed Sigmund
  2671 | D:3      | Reached skill level 5 in Axes
  2671 | D:3      | Reached XP level 4. HP: 35/35 MP: 4/4
  2671 | D:3      | Reached XP level 5. HP: 41/41 MP: 5/5
  2674 | D:3      | Reached skill level 6 in Axes
  3031 | D:2      | Gained mutation: Your movements are slightly less
                  | encumbered by armour. (ER -2) [demonic ancestry]
  3031 | D:2      | Reached XP level 6. HP: 26/47 MP: 6/6
  4218 | D:4      | Noticed Edmund
  4245 | D:3      | Killed Edmund
  4246 | D:3      | Reached skill level 7 in Axes
  4515 | D:3      | Reached XP level 7. HP: 52/52 MP: 7/7
  4961 | D:4      | Reached skill level 8 in Axes
  6195 | D:5      | Entered Level 5 of the Dungeon
  6231 | D:5      | Gained mutation: You have a pair of large antennae on your
                  | head. (SInv) [demonic ancestry]
  6231 | D:5      | Reached XP level 8. HP: 58/58 MP: 8/8
  6234 | D:4      | Reached skill level 9 in Axes
  6282 | D:5      | Found a sacrificial altar of Ru.
  6297 | D:5      | Noticed Pikel
  6820 | D:5      | Noticed Menkaure
  6835 | D:5      | Noticed Grinder
  7266 | D:5      | Paralysed by Grinder for 7 turns
  7486 | D:4      | Killed Grinder
  7487 | D:4      | Reached skill level 10 in Axes
  7708 | D:5      | Killed Pikel
  7709 | D:5      | Reached skill level 11 in Axes
  7709 | D:5      | Reached XP level 9. HP: 63/63 MP: 9/9
  7711 | D:5      | Killed Menkaure
  7811 | D:5      | Found a runed translucent gate.
  7812 | D:5      | Found a runed translucent gate.
  7812 | D:5      | Noticed knot's ghost (novice DsBe)
  7813 | D:5      | Found a roughly hewn altar of Beogh.
  7813 | D:5      | Found a runed translucent gate.
  7813 | D:5      | Identified the +9 short sword "Cecerrar" {vorpal, +Rage
                  | Stlth+}
  8167 | D:5      | Killed knot's ghost
  8307 | D:6      | Noticed Blork the orc
  8314 | D:6      | Killed Blork the orc
  8381 | D:6      | Found a runed translucent door.
  8382 | D:6      | Noticed Crazy Yiuf
  8389 | D:6      | Killed Crazy Yiuf
  8390 | D:6      | Reached skill level 12 in Axes
  8928 | D:6      | Found an iron altar of Okawaru.
  9300 | D:6      | Found a shimmering altar of Xom.
  9717 | D:7      | Reached skill level 1 in Throwing
 10022 | D:7      | Reached *** piety under Trog
 10177 | D:7      | Found a staircase to the Ecumenical Temple.
 10186 | Temple   | Entered the Ecumenical Temple
 10650 | D:7      | Found a blossoming altar of Fedhas.
 10970 | D:7      | Reached XP level 10. HP: 70/70 MP: 10/10
 11073 | D:8      | Noticed a two-headed ogre
 11080 | D:8      | Killed a two-headed ogre
 11081 | D:8      | Reached skill level 13 in Axes
 11285 | D:8      | Noticed a cyclops
 11892 | D:8      | Killed a cyclops
 11903 | D:8      | Found a broken altar of Ashenzari.
 11956 | D:8      | Reached skill level 5 in Throwing
 12347 | D:9      | Found a large runed translucent door.
 12347 | D:9      | Found a large runed translucent door.
 12347 | D:9      | Noticed Maurice
 12358 | D:9      | Killed Maurice
 12513 | D:8      | Reached **** piety under Trog
 12723 | D:9      | Noticed mojowtm's ghost (novice SpHu)
 12746 | D:9      | Identified the Papyrus of Flying Transmigration
 12946 | D:9      | Found a staircase to the Lair.
 13225 | D:9      | Killed mojowtm's ghost
 13226 | D:9      | Reached XP level 11. HP: 75/75 MP: 11/11
 13390 | D:10     | Entered Level 10 of the Dungeon
 13518 | D:10     | Noticed an unseen horror
 13583 | D:10     | Found a staircase to the Orcish Mines.
 13596 | D:10     | Reached skill level 14 in Axes
 13777 | D:10     | Killed an unseen horror
 14591 | D:10     | Got a glimmering ring mail
 14602 | D:10     | Identified the +4 ring mail of Day {rPois Str+4} (You found
                  | it on level 10 of the Dungeon)
 14913 | D:11     | Noticed Sonja
 14952 | D:11     | Noticed Sonja
 14952 | D:11     | Sonja changed into Sonja the water moccasin
 14956 | D:11     | Killed Sonja the water moccasin
 15004 | D:11     | Noticed a two-headed ogre
 15017 | D:11     | Killed a two-headed ogre
 15034 | D:11     | Noticed a centaur warrior
 15041 | D:11     | Killed a centaur warrior
 15049 | D:11     | Noticed a cyan ugly thing
 15148 | D:11     | Found Robacoq's Magic Scroll Boutique.
 15154 | D:11     | Bought a scroll of enchant weapon for 82 gold pieces
 15154 | D:11     | Bought a scroll of magic mapping for 38 gold pieces
 15218 | D:11     | Noticed a boulder beetle
 15226 | D:11     | Noticed a boulder beetle
 15240 | D:11     | Killed a boulder beetle
 15258 | D:11     | Killed a boulder beetle
 15455 | D:11     | Killed a cyan ugly thing
 15456 | D:11     | Reached skill level 15 in Axes
 15456 | D:11     | Gained mutation: Your movements are less encumbered by
                  | armour. (ER -4) [demonic ancestry]
 15456 | D:11     | Reached XP level 12. HP: 55/81 MP: 12/12
 15903 | Lair:1   | Entered Level 1 of the Lair of Beasts
 16176 | Lair:1   | Noticed a four-headed hydra
 16189 | Lair:1   | Killed a four-headed hydra
 16677 | Lair:1   | Reached skill level 10 in Throwing
 17515 | Lair:2   | Got a coiled brass ring
 18616 | Lair:3   | Identified the ring "Suck" {rC+ Dex+2 Stlth+} (You found it
                  | on level 2 of the Lair of Beasts)
 18906 | Lair:3   | Reached skill level 16 in Axes
 19117 | Lair:3   | Noticed a four-headed hydra
 19122 | Lair:3   | Noticed a six-headed hydra
 19132 | Lair:3   | Killed a four-headed hydra
 19133 | Lair:3   | Killed a six-headed hydra
 19216 | Lair:3   | Gained mutation: You regenerate a little health from kills.
                  | [demonic ancestry]
 19216 | Lair:3   | Reached XP level 13. HP: 86/86 MP: 13/13
 19536 | Lair:3   | Found a staircase to the Shoals.
 19788 | Lair:4   | Found a dark tunnel.
 19805 | Volcano  | Entered a volcano
 20049 | Volcano  | Found a bloodstained altar of Trog.
 20744 | Lair:4   | Found a staircase to the Snake Pit.
 21630 | Lair:4   | Got a shimmering leather armour
 21631 | Lair:4   | Identified the cursed +0 leather armour of Reasat {+Inv
                  | rN++ Will+ Int-4} (You found it on level 4 of the Lair of
                  | Beasts)
 21725 | Lair:4   | Found a runed translucent door.
 21811 | Lair:4   | Noticed Juirae's ghost (journeyman TrMo)
 21951 | Lair:4   | Killed Juirae's ghost
 22040 | Lair:5   | Reached skill level 17 in Axes
 22167 | Lair:5   | Found a gate leading to a gauntlet.
 22176 | Gauntlet | Entered a Gauntlet
 22176 | Gauntlet | Found a transporter.
 22176 | Gauntlet | Found a transporter.
 22227 | Gauntlet | Found a transporter.
 22230 | Gauntlet | Found a transporter.
 22230 | Gauntlet | Found a transporter.
 22230 | Gauntlet | Found a transporter.
 22240 | Gauntlet | Found a transporter.
 22244 | Gauntlet | Found a transporter.
 22254 | Gauntlet | Found a transporter.
 22360 | Gauntlet | Found a transporter.
 22362 | Gauntlet | Found a transporter.
 22370 | Gauntlet | Found a transporter.
 22527 | Gauntlet | Upgraded the game from 0.27-a0-124-g19cb506db8 to
                  | 0.27-a0-148-g9515ab555c
 22742 | Gauntlet | Got a pair of warped boots
 22747 | Gauntlet | Identified the +2 pair of boots "Nuthafot" {+Fly rElec rF++
                  | Will-} (You found it in a Gauntlet)
 22824 | Gauntlet | Identified the ring "Jiewila" {rElec rPois EV+4 Int+3
                  | Stlth+}
 22824 | Gauntlet | Noticed a minotaur
 22842 | Gauntlet | Killed a minotaur
 23052 | Gauntlet | Found the amulet of the Four Winds {rN+ Will+++ Clar}
 23063 | Gauntlet | Got a pair of ichor-stained gloves
 23067 | Gauntlet | Identified the +0 pair of gloves of Nihilism {Dex+3} (You
                  | found it in a Gauntlet)
 23104 | Lair:5   | Found an ancient bone altar of Kikubaaqudgha.
 23271 | Lair:5   | Found a staircase to the Slime Pits.
 23581 | Lair:5   | Gained mutation: You are immune to miasma. [demonic
                  | ancestry]
 23581 | Lair:5   | Reached XP level 14. HP: 93/93 MP: 14/14
 23581 | Lair:5   | Quit the game

Illustrated notes

Levels and vault maps discovered:
D:1:      scummos_arrival_checkerplants, layout_basic, hex_tiny
D:2:      layout_loops_corners, nzn_wu_jian_contemplation,
          overflow_temple_1_default, nicolae_dithmenos_shadow_blocks
D:3:      layout_rooms, uniq_sigmund
D:4:      layout_gridville, uniq_edmund
D:5:      layout_basic, biasface_ghost_orc_armoury, amcnicky_altar_gilded,
          uniq_menkaure, uniq_pikel, uniq_grinder
D:6:      layout_basic, old_standard_altar, xom_confusion_cloud,
          uniq_crazy_yiuf_cottage, uniq_blork_the_orc
D:7:      layout_basic, minmay_temple_entry_stoned_glass, basic_altar,
          nrook_pool_corridor, kb_rosetta
D:8:      layout_rooms, nicolae_overflow_crystal_walls, minmay_misc_feat_tiny
D:9:      layout_cross, ebering_ghost_disaster_area, due_unseen_surprise,
          uniq_maurice
D:10:     layout_loops_ring, david_orc_3, worms_lemuel
D:11:     layout_basic, serial_shops, nicolae_shop_waterfront, uniq_sonja
Temple:   eino_temple_rhombus
Lair:1:   layout_roguey, serial_bayou_pond_b, grunt_megastairs_4
Lair:2:   layout_gridlike, beast_lair_carwin_9, grunt_megastairs_1,
          infiniplex_staircase_pool, lemuel_fruit_tree, serial_bayou_shore_a
Lair:3:   layout_cellular_growth, shoals_dummy_entry, nzn_random_ring
Lair:4:   layout_layer_cave, dummy_snake_entry, nicolae_volcano_entry_batcave,
          ebering_ghost_reflecting_pool, chequers_serial_rivers_large_a,
          chequers_serial_rivers_micro_d, serial_bayou_shore_b
Lair:5:   minmay_lair_venomous_thicket, layout_gridlike, slime_dummy,
          gauntlet_entry_generic, lemuel_centaur_altar

Skill      XL: |  1  2  3  4  5  6  7  8  9 10 11 12 13 |
---------------+----------------------------------------+-----
Axes           | 3 5 6 7 8 11 12 13 15 16 17 | 17.2
Throwing       | 2 6 9 11 13 | 13.1
Fighting       | |  3.0
Armour         | |  1.7
Dodging        | |  1.7

Action                   |  1- 3 |  4- 6 |  7- 9 | 10-12 | 13-15 || total
-------------------------+-------+-------+-------+-------+-------++-------
Melee: Hand axe          |   152 |   119 |   234 |       |       ||   505
       Short sword       |       |       |   123 |   324 |       ||   447
       Battleaxe         |       |       |       |   387 |   289 ||   676
       Glaive            |       |       |       |       |     5 ||     5
Throw: Boomerang         |       |       |    23 |    81 |    43 ||   147
       Stone             |       |       |     5 |    10 |       ||    15
       Throwing net      |       |       |     3 |     2 |       ||     5
       Dart              |       |       |       |    21 |    30 ||    51
Invok: Berserk           |     2 |     9 |    25 |    19 |     8 ||    63
       Trog's Hand       |     1 |     3 |    11 |     4 |     3 ||    22
       Brothers in Arms  |       |       |       |     8 |     6 ||    14
Evoke: Wand              |       |       |     4 |    20 |     4 ||    28
       Box of beasts     |       |       |       |       |     1 ||     1
  Use: Scroll            |       |     6 |     4 |    15 |    12 ||    37
       Potion            |       |       |     3 |     3 |     9 ||    15
 Stab: Sleeping          |       |     1 |       |     1 |       ||     2
       Held in net/web   |       |       |     1 |     2 |       ||     3
       Distracted        |       |       |       |     1 |     2 ||     3
Armor: Scale mail        |    69 |    43 |    64 |       |    30 ||   206
       Animal skin       |     3 |       |       |       |       ||     3
       Leather armour    |       |     5 |     2 |       |       ||     7
       Skin              |       |       |    20 |       |       ||    20
       Ring mail         |       |       |    56 |   218 |    96 ||   370
Dodge: Dodged            |    99 |    71 |   277 |   518 |   303 ||  1268

Table legend: (Time is in decaauts)
 A = Elapsed time spent in this place.
 B = Non-inter-level travel time spent in this place.
 C = Inter-level travel time spent in this place.
 D = Time resting spent in this place.
 E = Time spent auto-exploring this place.
 F = Levels seen in this place.
 G = Mean time per level.
                   A        B        C        D        E       F      G
               +--------+--------+--------+--------+--------+-----+--------+
         Total |  24136 |  22476 |   1660 |   7136 |  10591 |  19 | 1270.3 |
       Dungeon |  16429 |  15007 |   1422 |   5449 |   6594 |  11 | 1493.5 |
        Temple |    139 |    128 |     11 |      0 |    128 |   1 |  139.0 |
          Lair |   5824 |   5599 |    225 |    930 |   3588 |   5 | 1164.8 |
       Volcano |    823 |    823 |      0 |    316 |     99 |   1 |  823.0 |
      Gauntlet |    918 |    918 |      0 |    440 |    182 |   1 |  918.0 |
               +--------+--------+--------+--------+--------+-----+--------+

Top non-repeatable levels by time:
     D:2: 2213 daAuts
     D:3: 1997 daAuts
     D:4: 1800 daAuts
     D:7: 1578 daAuts
    D:10: 1557 daAuts
  Lair:4: 1484 daAuts
  Lair:1: 1465 daAuts
     D:5: 1422 daAuts
     D:8: 1392 daAuts
     D:6: 1371 daAuts
  Lair:3: 1270 daAuts
     D:1: 1117 daAuts
    D:11: 1080 daAuts
  Lair:2: 946 daAuts
Gauntlet: 918 daAuts
